 Dungeon Crawl Stone Soup version 0.30-a0-586-g23e55c9e0a (webtiles) character file.

Game seed: 4866586351753879383

961 bmack86 the Chopper (level 7, 0/61 HPs)
             Began as a Minotaur Fighter on Jan 3, 2023.
             Slain by a two-headed ogre
             ... wielding a +0 giant spiked club
              (19 damage)
             ... on level 6 of the Dungeon.
             The game lasted 00:11:58 (4948 turns).

bmack86 the Chopper (Minotaur Fighter)              Turns: 4948, Time: 00:11:59

Health: 0/61       AC: 10    Str: 22    XL:     7   Next: 92%
Magic:  6/6        EV:  7    Int:  5    God:
Gold:   239        SH:  5    Dex: 10    Spells: 6/6 levels left

rFire   . . .      SeeInvis .    a - +0 war axe
rCold   . . .      Faith    .    c - +0 buckler
rNeg    + . .      Spirit   .    e - +0 chain mail
rPois   .          Reflect  .    m - +0 hat
rElec   .          Harm     .    (no cloak)
rCorr   .          Rampage  .    (no gloves)
Will    +....                    (no boots) Stlth
                                 (no amulet)
HPRegen 0.30/turn                g - ring of positive energy
MPRegen 0.10/turn                p - ring of willpower

@: mighty
A: horns 2, retaliatory headbutt
a: no special abilities


You were on level 6 of the Dungeon.
You visited 1 branch of the dungeon, and saw 6 of its levels.

You collected 239 gold pieces.

Inventory:

Hand Weapons
 a - a +0 war axe (weapon)
Missiles
 j - 2 datura-tipped darts
 k - 7 poisoned darts
 w - 4 javelins (quivered)
Armour
 b - a +0 scale mail
 c - a +0 buckler (worn)
 e - a +0 chain mail (worn)
 m - a +0 hat (worn)
Jewellery
 g - a ring of positive energy (left hand)
 p - a ring of willpower (right hand)
Wands
 u - a wand of acid (13)
Scrolls
 n - 2 scrolls of teleportation
 t - a scroll of fear
 v - a scroll of magic mapping
Potions
 d - 2 potions of might
 f - a potion of lignification
 h - a potion of invisibility
 i - 3 potions of mutation
 l - a potion of berserk rage
 o - a potion of magic
 q - 4 potions of resistance
 r - a potion of attraction {unknown}
 s - 2 potions of heal wounds


   Skills:
 + Level 5.6 Fighting
 * Level 6.9 Axes
 + Level 3.2 Throwing
 + Level 5.7 Armour
 + Level 5.7 Shields


You had 6 spell levels left.
You didn't know any spells.
Your spell library contained the following spells:

 Spells                   Type           Power      Damage    Failure   Level
 Ensorcelled Hibernation  Hex/Ice        0%         N/A       100%        2
 Passwall                 Tmut/Erth      0%         N/A       100%        2
 Call Canine Familiar     Summ           0%         N/A       100%        3
 Portal Projectile        Hex/Tloc       0%         N/A       100%        3
 Swiftness                Air            0%         N/A       100%        3
 Leda's Liquefaction      Hex/Erth       0%         N/A       100%        4


Dungeon Overview and Level Annotations

Branches:
Dungeon (6/15)
 Temple: D:4-7

Altars:
Cheibriados
Gozag
Kikubaaqudgha
Nemelex Xobeh
Qazlal
Trog
Vehumet
The Shining One

Shops:
D:1 (   D:5 =

Annotations:
D:6 3 runed translucent doors, HilariousDeathArtist's ghost, novice AtMo


Innate Abilities, Weirdness & Mutations

You have a pair of horns on your head.
You reflexively headbutt those who attack you in melee.


Message History

HP restored.
HilariousDeathArtist's ghost sneers, "Do you call that fighting?"
You open the door.
There is an open door here.
An iguana comes into view.
The iguana hisses angrily.
An iguana is nearby!
The iguana barely misses you.
You slash the iguana!
The iguana is severely wounded.
The iguana bites you.
You barely miss the iguana.
The iguana is severely wounded.
The iguana bites you but does no damage.
The iguana closely misses you.
You hit the iguana but do no damage. Your headbutt misses the iguana.
The iguana is severely wounded.
The iguana bites you!
You hit the iguana.
The iguana is almost dead.
You block the iguana's attack.
You closely miss the iguana.
The iguana is almost dead.
The iguana bites you but does no damage.
You slash the iguana!
You kill the iguana!
A two-headed ogre comes into view.
It is wielding two +0 giant spiked clubs.
The two-headed ogre shouts in stereo!
You see here an iguana corpse.
Sorry, you're not good enough to have a special ability.
You feel very mighty all of a sudden.
The two-headed ogre hits you with a +0 giant spiked club!
The two-headed ogre barely misses you.
You slash the two-headed ogre! You headbutt the two-headed ogre!
The two-headed ogre is heavily wounded.
You slash the two-headed ogre!
The two-headed ogre is severely wounded.
The two-headed ogre hits you with a +0 giant spiked club!
The two-headed ogre hits you with a +0 giant spiked club!!
You die...

##.......#######.####...
#####....# #.####...
##∩8.##...# #........
#.$$on#...# #.###....
#8$.$y+...# #........
#∩$8_$+...# #†###....
#8..$.+..## #........
#.$.$$#..# #O###....
##.8∩##..# #@# #.
######### ###


You could see a two-headed ogre.

Vanquished Creatures
  Sigmund (D:4)
  An ogre (D:6)
  A necrophage (D:5)
  A scorpion (D:4)
  2 jellies
  2 orc priests (D:6)
  4 hounds
  Jessica (D:2)
  5 iguanas
  Ijyb (D:4)
  An orc wizard (D:6)
  Robin (D:4)
  3 adders
  A white imp (D:4)
  An ufetubus (D:4)
  A dart slug (D:3)
  13 orcs
  11 endoplasms
  2 giant cockroaches
  18 goblins
  9 hobgoblins
  7 jackals
  5 quokkas
  10 ball pythons
  2 bats
  5 frilled lizards
  6 kobolds
  3 rats (D:1)
118 creatures vanquished.

Notes
Turn   | Place    | Note
-------+----------+-------------------------------------------
     0 | D:1      | bmack86 the Minotaur Fighter began the quest for the Orb.
     0 | D:1      | Reached XP level 1. HP: 19/19 MP: 0/0
    91 | D:1      | Found Urehell's Antique Weapon Shoppe.
   136 | D:1      | Reached XP level 2. HP: 26/27 MP: 1/1
   136 | D:1      | Found a faded altar of an unknown god.
   153 | D:1      | Reached skill level 3 in Axes
   678 | D:1      | Reached XP level 3. HP: 29/33 MP: 2/2
  1147 | D:2      | Noticed Jessica
  1150 | D:2      | Killed Jessica
  1151 | D:2      | Reached XP level 4. HP: 39/40 MP: 3/3
  1257 | D:2      | Reached skill level 4 in Axes
  1838 | D:3      | Found an ancient bone altar of Kikubaaqudgha.
  1840 | D:3      | Found an opulent altar of Gozag.
  1850 | D:3      | Found a sparkling altar of Nemelex Xobeh.
  1854 | D:3      | Found a bloodstained altar of Trog.
  1857 | D:3      | Found a radiant altar of Vehumet.
  1865 | D:3      | Found a glowing golden altar of the Shining One.
  1866 | D:3      | Found a snail-covered altar of Cheibriados.
  1879 | D:3      | Reached skill level 1 in Throwing
  2686 | D:4      | Reached XP level 5. HP: 47/47 MP: 4/4
  2773 | D:4      | Noticed Robin
  2801 | D:4      | Killed Robin
  3033 | D:4      | Noticed Ijyb
  3044 | D:4      | Killed Ijyb
  3185 | D:4      | Reached skill level 5 in Axes
  3294 | D:4      | Reached XP level 6. HP: 50/53 MP: 5/5
  3466 | D:4      | Noticed Sigmund
  3473 | D:4      | Killed Sigmund
  3474 | D:4      | Reached skill level 5 in Fighting
  3474 | D:4      | Reached skill level 5 in Armour
  3474 | D:4      | Reached skill level 5 in Shields
  3815 | D:5      | Entered Level 5 of the Dungeon
  3844 | D:5      | Reached XP level 7. HP: 58/61 MP: 6/6
  3850 | D:5      | Reached skill level 6 in Axes
  3948 | D:5      | HP: 1/61 [hound (5)]
  4223 | D:5      | Found Wumpokh's Jewellery Shop.
  4566 | D:6      | Found a stormy altar of Qazlal.
  4636 | D:6      | HP: 3/61 [orc priest/divine providence (11)]
  4888 | D:6      | Found a runed translucent gate.
  4888 | D:6      | Found a runed translucent gate.
  4888 | D:6      | Found a runed translucent gate.
  4890 | D:6      | Found an opulent altar of Gozag.
  4891 | D:6      | Noticed HilariousDeathArtist's ghost (novice AtMo)
  4892 | D:6      | Noticed a vampire mosquito
  4942 | D:6      | Noticed a two-headed ogre
  4948 | D:6      | Slain by a two-headed ogre

Illustrated notes

Levels and vault maps discovered:
D:1:      minmay_arrival_four_circles, layout_rooms, serial_rivers,
          chequers_serial_rivers_small_a, chequers_serial_rivers_micro_d,
          chequers_serial_rivers_micro_c, chequers_serial_rivers_large_a,
          chequers_serial_rivers_micro_c, serial_shops, shop_fountains,
          hellmonk_ecumenical_altar_zigzags, st_stairs_11, minmay_quantized
D:2:      layout_loops_corners, uniq_jessica
D:3:      layout_basic, nicolae_overflow_hallway_of_the_gods,
          small_statue_intersection
D:4:      layout_basic, uniq_ijyb, uniq_robin, uniq_sigmund
D:5:      layout_rooms, minmay_shop_enchanted_jewellery, hex_intersection
D:6:      layout_basic, mainiacjoe_overflow_big_doors,
          nicolae_qazlal_general_emergency, ebering_ghost_gozag

Skill      XL: |  1  2  3  4  5  6  7 |
---------------+----------------------+-----
Axes           | 3 4 5 6 |  6.9
Shields        | 4 5 |  5.7
Armour         | 4 5 |  5.7
Fighting       | 4 5 |  5.6
Throwing       | 1 2 3 |  3.2

Action                   |  1- 3 |  4- 6 |  7- 9 || total
-------------------------+-------+-------+-------++-------
Melee: War axe           |    78 |   133 |    59 ||   270
       Headbutt          |    15 |    27 |     9 ||    51
Throw: Dart              |       |     8 |     4 ||    12
       Javelin           |       |       |     2 ||     2
  Use: Scroll            |     3 |     9 |     4 ||    16
       Potion            |       |       |     2 ||     2
Armor: Scale mail        |    28 |       |       ||    28
       Chain mail        |    23 |    81 |    20 ||   124
Dodge: Dodged            |    42 |    68 |    15 ||   125
Block: Buckler           |    20 |    37 |    11 ||    68

Table legend: (Time is in decaauts)
 A = Elapsed time spent in this place.
 B = Non-inter-level travel time spent in this place.
 C = Inter-level travel time spent in this place.
 D = Time resting spent in this place.
 E = Time spent auto-exploring this place.
 F = Levels seen in this place.
 G = Mean time per level.
                   A        B        C        D        E       F      G
               +--------+--------+--------+--------+--------+-----+--------+
         Total |   5048 |   4833 |    215 |    557 |   2769 |   6 |  841.3 |
       Dungeon |   5048 |   4833 |    215 |    557 |   2769 |   6 |  841.3 |
               +--------+--------+--------+--------+--------+-----+--------+

Top non-repeatable levels by time:
     D:4: 1175 daAuts
     D:3: 999 daAuts
     D:2: 905 daAuts
     D:5: 901 daAuts
     D:1: 820 daAuts
     D:6: 246 daAuts
